Map: [ESL] Cosmic Sapphire

Players

Astrea - Winner!

  • Race: Protoss Protoss
  • League: Master
  • Spawn Location: 11:00

LiquidClem (Clem)

  • Race: Terran Terran
  • League: Grandmaster
  • Spawn Location: 5:00

Event: HomeStory Cup XXII

VOD

Have the link to the VOD?

Description

Time

  • Played on: Dec. 18, 2022, 11:06 a.m.
  • Length: 12:56

All games in this series

Show
View Real Time Build Order
Export as new Build Order

Astrea Protoss - Winner!

Build Orders: 1 Gate Expand 

Get SALT Encoding   

  12  0:00  Probe  
  13  0:12  Probe  
  14  0:16  Pylon  
  14  0:24  Probe (Chrono Boost)  
  16  0:35  Gateway  
  16  0:36  Probe (Chrono Boost)  
  16  0:42  Probe (Chrono Boost)  
  16  0:44  Assimilator  
  17  0:51  Probe  
  18  1:03  Probe  
  19  1:15  Probe  
  20  1:21  Nexus  
  20  1:29  Cybernetics Core  
  20  1:33  Probe  
  20  1:37  Assimilator  
  21  1:45  Probe  
  22  1:48  Pylon  
  22  1:57  Probe  
  23  2:02  Warp Gate (Chrono Boost)  
  23  2:03  Stalker (Chrono Boost)  
  25  2:09  Probe  
  25  2:14  Shield Battery  
  26  2:21  Probe  
  27  2:23  Stalker (Chrono Boost)  
  29  2:36  Pylon  
  29  2:48  Stalker  
  31  3:02  Gateway  
  31  3:04  Gateway  
  31  3:07  Probe  
  31  3:08  Probe  
  33  3:19  Probe  
  34  3:20  Probe  
  35  3:32  Probe x2  
  37  3:38  Pylon  
  37  3:43  Stalker  
  37  3:44  Probe x2  
  41  3:56  Stalker  
  45  4:03  Gateway  
  45  4:05  Twilight Council, Pylon  
  45  4:08  Stalker x2  
  47  4:13  Probe  
  47  4:14  Probe  
  44  4:25  Probe (Chrono Boost)  
  44  4:26  Probe (Chrono Boost)  
  46  4:36  Robotics Facility  
  46  4:37  Probe (Chrono Boost)  
  46  4:38  Probe (Chrono Boost)  
  48  4:40  Sentry, Blink (Chrono Boost)  
  48  4:41  Assimilator  
  48  4:43  Probe x2 (Chrono Boost)  
  48  4:44  Assimilator  
  52  4:52  Probe  
  53  4:53  Probe  
  53  4:55  Stalker  
  56  5:04  Probe  
  56  5:05  Probe  
  56  5:06  Stalker  
  60  5:09  Stalker  
  62  5:20  Probe  
  61  5:22  Probe  
  61  5:26  Pylon  
  62  5:29  Observer  
  62  5:30  Robotics Bay  
  62  5:33  Probe  
  64  5:38  Probe  
  63  5:44  Pylon  
  63  5:46  Pylon  
  63  5:56  Nexus  
  63  5:57  Pylon  
  63  5:58  Observer (Chrono Boost)  
  63  6:02  Pylon  
  63  6:03  Probe x2  
  66  6:09  Sentry  
  68  6:13  Colossus (Chrono Boost)  
  68  6:15  Probe x2  
  76  6:24  Extended Thermal Lance  
  76  6:26  Observer  
  76  6:27  Probe  
  76  6:28  Gateway  
  76  6:29  Gateway  
  76  6:31  Probe  
  78  6:39  Probe  
  79  6:43  Sentry, Probe, Stalker x3  
  87  6:51  Probe  
  87  6:52  Observer  
  88  6:55  Probe  
  88  6:58  Charge  
  89  7:02  Nexus  
  89  7:04  Probe  
  90  7:08  Colossus (Chrono Boost)  
  90  7:15  Probe x2  
  98  7:17  Probe  
  99  7:24  Forge  
  99  7:32  Probe  
  99  7:33  Probe x2  
  102  7:39  Forge  
  102  7:44  Zealot, Sentry x2, Probe  
  107  7:48  Pylon  
  107  7:50  Pylon  
  107  7:51  Pylon  
  109  8:06  Probe  
  109  8:07  Protoss Ground Weapons Level 1 (Chrono Boost), Warp Prism (Chrono Boost), Probe x2  
  114  8:18  Zealot x5  
  127  8:22  Gateway, Protoss Ground Armor Level 1 (Chrono Boost)  
  127  8:24  Gateway  
  127  8:26  Gateway  
  124  8:28  Gateway  
  124  8:30  Probe x2, Pylon  
  126  8:36  Colossus  
  132  8:43  Pylon  
  132  8:45  Zealot x5  
  142  8:56  Pylon  
  142  9:06  Nexus  
  141  9:20  Zealot  
  141  9:21  Zealot x6  
  141  9:23  Zealot x2  
  159  9:27  Pylon  
  159  9:28  Pylon  
  159  9:30  Pylon  
  159  9:31  Gateway  
  159  9:33  Disruptor (Chrono Boost)  
  159  9:35  Gateway  
  162  9:41  Zealot  
  162  9:42  Zealot x5  
  172  9:47  Pylon  
  172  9:48  Protoss Ground Weapons Level 2 (Chrono Boost)  
  172  9:49  Pylon  
  172  9:50  Zealot x3, Probe x2  
  180  10:05  Protoss Ground Armor Level 2 (Chrono Boost), Zealot x4  
  180  10:06  Zealot x2  
  190  10:16  Gateway x2  
  190  10:18  Warp Prism (Chrono Boost)  
  190  10:20  Gravitic Drive  
  174  10:35  Stalker x10  
  132  11:00  Zealot x8  
  132  11:01  Disruptor, Zealot x3  
  129  11:15  Probe x4  
  129  11:16  Probe  
  134  11:23  Nexus  
  130  11:25  Sentry  
  130  11:26  Stalker x7  
  130  11:27  Probe  
  130  11:31  Zealot x3  
  151  11:35  Zealot x2  
  155  11:42  Disruptor (Chrono Boost)  
  158  11:48  Zealot  
  158  11:49  Zealot x6  
  172  11:55  Pylon  
  172  11:57  Zealot x4  
  180  12:08  Zealot x3  
  180  12:09  Zealot x5  
  196  12:15  Zealot  
  158  12:34  Zealot x12  
Show
View Real Time Build Order
Export as new Build Order

LiquidClem Terran 

Build Orders: Reaper Expand 

Get SALT Encoding   

  12  0:00  SCV  
  13  0:12  SCV  
  14  0:16  Supply Depot  
  14  0:24  SCV  
  15  0:38  SCV  
  15  0:39  Barracks  
  16  0:43  Refinery  
  16  0:50  SCV  
  17  1:02  SCV  
  18  1:14  SCV  
  19  1:26  Reaper, Orbital Command  
  20  1:39  Command Center  
  20  1:47  Supply Depot  
  20  1:51  SCV  
  21  1:58  Marine  
  22  2:03  Bunker  
  22  2:05  SCV  
  23  2:13  Factory  
  23  2:17  SCV  
  23  2:19  Barracks Reactor  
  24  2:29  SCV  
  25  2:30  Refinery  
  25  2:41  SCV  
  26  2:52  Orbital Command  
  26  2:54  SCV  
  27  3:00  Starport  
  27  3:03  Hellion x2  
  31  3:06  SCV  
  31  3:10  Barracks Tech Lab  
  32  3:18  SCV x2  
  33  3:25  Hellion x2  
  37  3:28  Supply Depot  
  37  3:29  Marine  
  37  3:30  SCV x2  
  40  3:37  Medivac  
  42  3:42  SCV x2  
  42  3:46  Widow Mine  
  46  3:50  Widow Mine, Marine  
  46  3:54  SCV  
  50  3:56  Bunker  
  51  4:07  SCV, Orbital Command  
  51  4:19  SCV  
  51  4:23  Marine  
  51  4:24  Command Center, Marine  
  54  4:30  Siege Tank  
  54  4:31  Supply Depot  
  54  4:35  SCV  
  55  4:40  Barracks  
  55  4:43  Marine x2  
  58  4:45  SCV  
  58  4:48  SCV  
  59  4:55  Starport Tech Lab  
  60  5:02  Barracks  
  60  5:03  Marine x2  
  60  5:04  Orbital Command  
  60  5:05  SCV  
  62  5:14  Siege Tank  
  65  5:17  SCV  
  66  5:21  Marine x2  
  66  5:29  SCV  
  66  5:31  SCV  
  62  5:37  Stimpack  
  62  5:39  Orbital Command  
  62  5:40  Marine  
  62  5:41  SCV, Marine x2  
  66  5:45  Refinery  
  66  5:49  SCV  
  67  5:52  Starport Reactor  
  67  5:54  SCV, Factory Reactor  
  68  5:58  Engineering Bay, Marine  
  68  5:59  Marine  
  68  6:01  SCV  
  68  6:02  Refinery, Marauder  
  73  6:04  Combat Shield  
  73  6:05  Marauder  
  73  6:07  SCV  
  73  6:11  Supply Depot  
  76  6:13  SCV  
  76  6:16  SCV, Marine  
  76  6:17  Marine  
  80  6:18  Orbital Command  
  80  6:21  Barracks  
  81  6:27  Barracks, Marauder  
  81  6:31  Marauder, Terran Infantry Weapons Level 1  
  81  6:32  SCV  
  85  6:35  Orbital Command  
  85  6:38  Medivac  
  85  6:39  Medivac  
  88  6:44  SCV  
  88  6:46  Widow Mine x2  
  93  6:53  Supply Depot  
  93  6:55  Supply Depot  
  93  7:06  Supply Depot  
  93  7:10  Marine x2  
  93  7:11  SCV x2, Marauder x2  
  93  7:14  SCV, Medivac x2  
  106  7:16  Widow Mine x2  
  106  7:17  Barracks Tech Lab  
  106  7:19  Barracks Reactor  
  106  7:22  Concussive Shells  
  110  7:23  SCV x2  
  110  7:26  SCV  
  110  7:28  Marine x2  
  114  7:32  Supply Depot  
  114  7:33  Marauder  
  114  7:35  SCV x2  
  114  7:36  Marauder  
  120  7:38  SCV  
  120  7:40  Marauder  
  120  7:43  Widow Mine x2  
  121  7:47  SCV x2  
  121  7:49  Supply Depot, Marine x2  
  125  7:54  SCV  
  125  7:55  Viking  
  125  7:57  Viking  
  130  7:59  SCV  
  130  8:03  Engineering Bay, Armory  
  131  8:06  Marauder  
  131  8:08  Refinery  
  131  8:10  Supply Depot  
  131  8:11  SCV x2  
  135  8:14  Supply Depot  
  135  8:15  Marauder  
  135  8:17  SCV  
  138  8:21  Refinery  
  138  8:23  Ghost Academy  
  138  8:25  Supply Depot, SCV  
  138  8:26  SCV  
  140  8:31  SCV  
  140  8:32  Marauder x2  
  144  8:38  SCV  
  144  8:39  Command Center  
  145  8:44  Viking x2  
  147  8:49  Supply Depot  
  147  8:52  Ghost x2  
  147  8:55  Terran Infantry Weapons Level 2  
  151  8:57  SCV  
  151  9:00  Marine x2  
  151  9:01  Marine  
  151  9:02  Ghost  
  153  9:08  Terran Infantry Armor Level 1  
  155  9:12  Supply Depot  
  155  9:18  Viking  
  155  9:21  Viking, Ghost  
  155  9:23  Marine x4  
  164  9:24  Supply Depot  
  164  9:26  Marauder  
  166  9:36  Sensor Tower  
  166  9:38  Missile Turret  
  166  9:39  Ghost  
  166  9:41  Missile Turret  
  166  9:42  Marine x2  
  166  9:43  Marine x2  
  166  9:44  Supply Depot  
  172  9:45  Enhanced Shockwaves  
  172  9:48  SCV x2  
  172  9:51  SCV  
  175  9:53  Ghost  
  177  10:02  Barracks  
  177  10:04  Barracks  
  177  10:05  Viking  
  179  10:08  Barracks  
  179  10:09  Viking  
  179  10:11  Ghost  
  177  10:19  Widow Mine x2  
  179  10:21  Marine x2  
  179  10:22  Marauder  
  179  10:23  SCV  
  179  10:25  Marauder  
  179  10:26  Planetary Fortress  
  181  10:34  Marine  
  173  10:36  Viking  
  173  10:40  Marauder  
  167  10:43  Viking  
  167  10:45  Marauder, Marine x2  
  167  10:46  Marine  
  167  10:47  SCV, Marauder  
  165  10:52  Marine  
  165  10:56  Barracks Tech Lab  
  149  10:58  SCV x2, Widow Mine x2  
  149  10:59  SCV  
  149  11:01  Marine  
  149  11:02  Marine  
  156  11:04  Marine  
  156  11:06  Medivac, Marauder  
  156  11:08  Marauder, Marine  
  152  11:13  Medivac  
  152  11:16  Refinery x2, Barracks Tech Lab x2  
  152  11:17  Marine  
  154  11:19  Marauder  
  154  11:20  Marauder  
  154  11:22  Widow Mine  
  154  11:23  Marine  
  152  11:26  Marine, Ghost  
  152  11:30  Marine  
  153  11:34  Widow Mine  
  153  11:36  Viking, Marauder  
  153  11:39  Marauder  
  161  11:41  Marine  
  161  11:43  Viking  
  164  11:49  Marauder x3  
  170  11:56  Widow Mine  
  170  11:57  Widow Mine  
  170  12:00  Command Center  
  174  12:04  Ghost  
  174  12:05  Marine  
  174  12:06  Marine x2  
  179  12:14  SCV  
  176  12:16  SCV x2, Marauder, Marine  
  176  12:21  Widow Mine x2  
  178  12:25  Marauder x2  
  178  12:28  SCV  
  144  12:30  Marine  
Tags
 
Add a new tag
Caveats
  • Supply blocks, unpowered buildings, or Contaminate may cause inaccurate times.
  • Supply counts are checked every 10 seconds.